 Dungeon Sprint DCSS version 0.29.1-15-g9cfb28693d (webtiles) character file.

Game seed: 386818711633033612

27737 Groucho the Imperceptible (level 13, 72/72 HPs)
             Began as a Felid Berserker on Mar 4, 2023.
             Was the Champion of Trog.
             Got out of the dungeon alive.
             The game lasted 00:13:20 (3717 turns).

Groucho the Imperceptible (Felid Berserker)         Turns: 3717, Time: 00:13:21

Health: 72/72      AC:  3    Str: 19    XL:     13   Next: 6%
Magic:  14/14      EV: 32    Int:  9    God:    Trog [******]
Gold:   1760       SH:  5    Dex: 16    Spells: 12/12 levels left
                                        Lives:  2   Deaths: 0

rFire   . . .      SeeInvis +     - Unarmed
rCold   + . .      Faith    .   (shield unavailable)
rNeg    + . .      Spirit   .   (body armour unavailable)
rPois   .          Reflect  +   (helmet unavailable)
rElec   .          Harm     .   (cloak unavailable)
rCorr   .          Rampage  .   (gloves unavailable)
Will    +....      NoTele   +   (boots unavailable)
Stlth   +++++++++.              k - amulet of reflection
HPRegen 0.22/turn               i - ring of positive energy
MPRegen 0.14/turn               l - +6 ring of strength

@: quick
A: very small, claws 1, fangs 3, see invisible, speed 1, shaggy fur 3, stealthy
paws, no weapons or thrown items, no armour, multi-lived, clumsy 2
a: Renounce Religion, Berserk, Trog's Hand, Brothers in Arms


You escaped.
You worshipped Trog.
Trog was exalted by your worship.
You visited 1 branch You collected 3414 gold pieces.
You spent 1654 gold pieces at shops.

Inventory:

Hand Weapons
 x - the +9 quick blade of Painful Death {drain, Fragile rPois rN+++ Str-3}
   (You found it in the Dungeon)

   A truly terrible weapon, it drains the life of any living foe it strikes.
   Str:       It affects your strength (-3).
   rPois:     It protects you from poison.
   rN:        It renders you almost immune to negative energy.
   Fragile:   It will be destroyed if unequipped.
Jewellery
 h - a +6 ring of dexterity
 i - a ring of positive energy (left paw)
 k - an amulet of reflection (around neck)
 l - a +6 ring of strength (right paw)
 u - a +6 ring of intelligence
 v - a ring of protection from fire
 w - a +6 ring of strength
Wands
 g - a wand of flame (19)
 s - a wand of mindburst (12)
Scrolls
 f - 2 scrolls of poison {unknown}
 j - a scroll of summoning {unknown}
 n - a scroll of enchant weapon {unknown}
 p - 2 scrolls of amnesia {unknown}
 q - 3 scrolls of identify {unknown}
 r - a scroll of fog {unknown}
 t - a scroll of immolation {unknown}
Potions
 a - 6 potions of curing
 b - 4 potions of heal wounds
 c - 4 potions of haste
 d - 3 potions of magic
 e - a potion of berserk rage
 o - a potion of cancellation


   Skills:
 + Level 17.2 Fighting
 + Level 21.7 Dodging
 - Level 26.3 Stealth
 + Level 17.1 Unarmed Combat


You had 12 spell levels left.
You didn't know any spells.
Your spell library was empty.

Dungeon Overview and Level Annotations

Branches:
Dungeon (1/1)

Altars:
Cheibriados
Dithmenos
Elyvilon
Fedhas
Gozag
Hepliaklqana
Kikubaaqudgha
Makhleb
Nemelex Xobeh
Okawaru
Qazlal
Ru
Sif Muna
Trog
Uskayaw
Vehumet
Wu Jian
Xom
Yredelemnul
Zin
The Shining One
Jiyva
Lugonu

Shops:
D !**[!:!?((=**((?:*([*[

Annotations:
D Lom Lobon


Innate Abilities, Weirdness & Mutations

You have sharp claws.
You have razor-sharp teeth.
You have supernaturally acute eyesight. (SInv)
You cover ground quickly. (Speed+)
Your thick and shaggy fur keeps you warm. (AC +3, rC+)
Your paws help you pounce on unaware monsters.
You are incapable of wielding weapons or throwing items.
You cannot wear armour.
You gain extra lives every three experience levels.
You are very clumsy. (Dex -4)


Message History

There is an open door here.
Okay, then.
Really walk into a travel-excluded area? [Y]es or [N]o only, please.
Really walk into a travel-excluded area?
There is an open door here.
There is an open door here.
There is an open door here.
There is an open door here.
There is an open door here.
There is an open door here.
There is an open door here.
There is an open door here.
There is an open door here.
Okay, then.
Things that are here:
a +0 robe; a +2 scythe of venom
There is an open door here.
You see here a +0 giant club.
There is an open door here.
Something appears before you!
Unknown command.
Unknown command.
Okay, then.
k - an amulet of reflection You start putting on your amulet.
You continue putting on your amulet of reflection. x5
You finish putting on your amulet of reflection.
You feel a shielding aura gather around you.
k - an amulet of reflection (around neck)
Okay, then.
Okay, then.
Things that are here:
a +0 ring mail; a +0 club
There is an open door here.
There is a staircase leading out of the dungeon here.
Are you sure you want to leave the Dungeon?
This will make you lose the game!
Alright, then stay!
Are you sure you want to leave the Dungeon?
This will make you lose the game!
You have escaped!

##################
#@.#..'..#.['..#__
#..'[.#.)'..#..'..
#..#####'#####'#__
#..####..#...#[###
#..#__####..##§#~§
#..#_____##'#§§§§~
#⌠⌠#_.∩...'..._#§§
####_..__##_.#'##'
#_____###'#.#..


There were no monsters in sight!

Vanquished Creatures
  the Lernaean hydra (D)
  A golden dragon (D)
  A deep elf master archer (D)
  A shadow dragon (D)
  A deep elf annihilator (D)
  A mummy priest (D)
  A hydra (D)
  2 centaur warriors (D)
  Sonja (D)
  A deep troll (D)
  A lindwurm (D)
  2 oklob plants (D)
  2 merfolk sirens (D)
  A gargoyle (D)
  7 unseen horrors (D)
  4 demonic crawlers (D)
  2 kobold demonologists (D)
  A hellwing (D)
  2 hornets (D)
  A slime creature (D)
  Sigmund (D)
  13 hogs (D)
  A yak (D)
  2 redbacks (D)
  3 floating eyes (D)
  An ogre (D)
  7 necrophages (D)
  8 jellies (D)
  Ijyb (D)
71 creatures vanquished.

Vanquished Creatures (collateral kills)
  4 fire giants (D)
  8 shining eyes (D)
  3 hornets (D)
  4 floating eyes (D)
19 creatures vanquished.

Vanquished Creatures (others)
  2 ballistomycete spores (D)
2 creatures vanquished.

Grand Total: 92 creatures vanquished

Notes
Turn   | Place    | Note
-------+----------+-------------------------------------------
     0 | D        | Groucho the Felid Berserker began the quest for the Orb.
     0 | D        | Reached XP level 1. HP: 10/10 MP: 2/2
     2 | D        | Noticed Ijyb
     8 | D        | Killed Ijyb
     9 | D        | Reached skill level 8 in Stealth
     9 | D        | Reached XP level 2. HP: 14/14 MP: 3/3
   189 | D        | Noticed an ogre
   191 | D        | Killed an ogre
   192 | D        | Reached skill level 12 in Stealth
   192 | D        | Reached XP level 3. HP: 17/17 MP: 4/4
   192 | D        | Reached XP level 4. HP: 21/21 MP: 5/5
   205 | D        | Noticed Sigmund
   207 | D        | Killed Sigmund
   207 | D        | Reached ** piety under Trog
   208 | D        | Reached skill level 17 in Stealth
   208 | D        | Reached XP level 5. HP: 24/24 MP: 6/6
   208 | D        | Gained mutation: You are covered in thick fur. (AC +2)
                  | [Felid growth]
   208 | D        | Reached XP level 6. HP: 28/28 MP: 7/7
   220 | D        | Found a shimmering blue altar of Sif Muna.
   221 | D        | Found an ornate altar of the Wu Jian Council.
   222 | D        | Found a radiant altar of Vehumet.
   257 | D        | Found Poneni's Armour Emporium.
   257 | D        | Found an ancient bone altar of Kikubaaqudgha.
   257 | D        | Found a hazy altar of Hepliaklqana.
   257 | D        | Found a stormy altar of Qazlal.
   257 | D        | Found a hide-covered altar of Uskayaw.
   257 | D        | Found a blossoming altar of Fedhas.
   257 | D        | Found a bloodstained altar of Trog.
   257 | D        | Found an iron altar of Okawaru.
   257 | D        | Found a basalt altar of Yredelemnul.
   257 | D        | Found a glowing golden altar of the Shining One.
   257 | D        | Found a snail-covered altar of Cheibriados.
   257 | D        | Found a sacrificial altar of Ru.
   257 | D        | Found a glowing silver altar of Zin.
   257 | D        | Found a shadowy altar of Dithmenos.
   257 | D        | Found a white marble altar of Elyvilon.
   257 | D        | Noticed a yak
   258 | D        | Found an opulent altar of Gozag.
   259 | D        | Killed a yak
   260 | D        | Reached skill level 19 in Stealth
   260 | D        | Found a sparkling altar of Nemelex Xobeh.
   280 | D        | Found a burning altar of Makhleb.
   280 | D        | Found a shimmering altar of Xom.
   280 | D        | Noticed a slime creature
   281 | D        | Found a viscous altar of Jiyva.
   281 | D        | Found a corrupted altar of Lugonu.
   283 | D        | Killed a slime creature
   283 | D        | Reached *** piety under Trog
   284 | D        | Reached skill level 5 in Dodging
   284 | D        | Reached skill level 20 in Stealth
   284 | D        | Reached XP level 7. HP: 32/32 MP: 8/8
   309 | D        | Noticed a centaur warrior
   314 | D        | Noticed a centaur warrior
   315 | D        | Killed a centaur warrior
   316 | D        | Reached skill level 5 in Fighting
   316 | D        | Reached skill level 21 in Stealth
   316 | D        | Reached skill level 5 in Unarmed Combat
   316 | D        | Reached XP level 8. HP: 38/38 MP: 9/9
   316 | D        | Killed a centaur warrior
   317 | D        | Reached skill level 22 in Stealth
   329 | D        | Noticed a hornet
   338 | D        | Killed a hornet
   339 | D        | Reached XP level 9. HP: 43/43 MP: 10/10
   366 | D        | Noticed an oklob plant
   368 | D        | Killed an oklob plant
   369 | D        | Reached skill level 10 in Dodging
   369 | D        | Reached skill level 23 in Stealth
   378 | D        | Reached **** piety under Trog
   402 | D        | Noticed an unseen horror
   403 | D        | Noticed an unseen horror
   409 | D        | Killed an unseen horror
   411 | D        | Killed an unseen horror
   411 | D        | Reached ***** piety under Trog
   412 | D        | Reached skill level 24 in Stealth
   513 | D        | Reached ****** piety under Trog
   522 | D        | Reached XP level 10. HP: 49/49 MP: 11/11
   538 | D        | Found Vatyw's Magic Scroll Shoppe.
   538 | D        | Found Ytuineth's Distillery.
   538 | D        | Found Zeothruha's Antique Weapon Boutique.
   540 | D        | Found Xex Veik's Weapon Emporium.
   540 | D        | Found Riuvu's Jewellery Shop.
   540 | D        | Found Xour Byimyzu's Assorted Antiques.
   540 | D        | Found Rech's General Store.
   540 | D        | Found Fawyorgh's Weapon Emporium.
   540 | D        | Found Suivae's Antique Weapon Shop.
   540 | D        | Found Tehamoip's Magic Scroll Shoppe.
   544 | D        | Found Ruskeyla's Book Boutique.
   545 | D        | Found Hiuv's Weapon Emporium.
   545 | D        | Found Ydeig's Assorted Antiques.
   546 | D        | Found Extacuv's Assorted Antiques.
   574 | D        | Bought a scroll of acquirement for 728 gold pieces
   575 | D        | Bought a diamond ring for 85 gold pieces
   580 | D        | Bought a potion of flight for 30 gold pieces
   622 | D        | Noticed a deep troll
   624 | D        | Killed a deep troll
   636 | D        | Found Imurump's Armour Emporium.
   650 | D        | Noticed Sonja
   653 | D        | Killed Sonja
   654 | D        | Reached skill level 25 in Stealth
   670 | D        | Found Ixef's Distillery.
   977 | D        | Reached skill level 10 in Fighting
   977 | D        | Reached skill level 10 in Unarmed Combat
  1003 | D        | Noticed a lindwurm
  1005 | D        | Killed a lindwurm
  1042 | D        | Reached XP level 11. HP: 35/55 MP: 12/12
  1053 | D        | Reached skill level 26 in Stealth
  1097 | D        | Reached skill level 15 in Dodging
  1306 | D        | Noticed a 12-headed hydra
  1308 | D        | Killed a 12-headed hydra
  1380 | D        | Noticed a shining eye
  1380 | D        | Noticed a shining eye
  1380 | D        | Noticed a shining eye
  1383 | D        | Paralysed by a floating eye for 2 turns
  1383 | D        | Noticed a shining eye
  1383 | D        | Killed a shining eye
  1383 | D        | Noticed a shining eye
  1384 | D        | Killed a shining eye
  1385 | D        | Gained mutation: You are clumsy. (Dex -2) [a shining eye]
  1386 | D        | Killed a shining eye
  1386 | D        | Killed a shining eye
  1387 | D        | Noticed a shining eye
  1387 | D        | Noticed a shining eye
  1388 | D        | Killed a shining eye
  1389 | D        | Noticed a shining eye
  1389 | D        | Gained mutation: You are very clumsy. (Dex -4) [a shining
                  | eye]
  1391 | D        | Killed a shining eye
  1391 | D        | Killed a shining eye
  1396 | D        | Killed a shining eye
  1414 | D        | Found Ifitayr's General Store.
  1414 | D        | Found Puod's Book Boutique.
  1414 | D        | Found Jinoil's Assorted Antiques.
  1415 | D        | Found Doaluch's Distillery.
  1499 | D        | Noticed a daeva
  1893 | D        | Noticed a fire giant
  1896 | D        | Noticed a fire giant
  1896 | D        | Noticed a fire giant
  1909 | D        | Killed a fire giant
  1910 | D        | Gained mutation: Your thick and shaggy fur keeps you warm.
                  | (AC +3, rC+) [Felid growth]
  1910 | D        | Reached XP level 12. HP: 64/64 MP: 13/13
  1917 | D        | Killed a fire giant
  1923 | D        | Noticed a fire giant
  1929 | D        | Killed a fire giant
  1932 | D        | Killed a fire giant
  1933 | D        | Reached skill level 15 in Fighting
  2483 | D        | Noticed a shadow dragon
  2483 | D        | Noticed a golden dragon
  2488 | D        | Killed a shadow dragon
  2489 | D        | Reached skill level 15 in Unarmed Combat
  2490 | D        | Killed a golden dragon
  2520 | D        | Found Paf Ycu's Antique Armour Shoppe.
  2964 | D        | Noticed a deep elf annihilator
  2968 | D        | Noticed a mummy priest
  2972 | D        | Killed a deep elf annihilator
  2980 | D        | Killed a mummy priest
  3391 | D        | Bought a potion of flight for 33 gold pieces
  3404 | D        | Bought a potion of flight for 42 gold pieces
  3404 | D        | Bought 2 potions of curing for 84 gold pieces
  3404 | D        | Bought 2 potions of haste for 280 gold pieces
  3404 | D        | Bought a potion of haste for 140 gold pieces
  3404 | D        | Bought a potion of curing for 42 gold pieces
  3404 | D        | Bought a potion of haste for 140 gold pieces
  3450 | D        | Bought a potion of heal wounds for 50 gold pieces
  3538 | D        | Noticed the 27-headed Lernaean hydra
  3542 | D        | Killed the 27-headed Lernaean hydra
  3544 | D        | Noticed a deep elf master archer
  3547 | D        | Killed a deep elf master archer
  3548 | D        | Reached XP level 13. HP: 72/72 MP: 14/14
  3556 | D        | Noticed Lom Lobon
  3564 | D        | Identified the +9 quick blade of Painful Death {drain,
                  | Fragile rPois rN+++ Str-3}
  3571 | D        | Identified the +11 trident "Rilicam" {vorpal, *Rage Will+++
                  | rCorr Int-4}
  3704 | D        | Acquired an amulet of reflection
  3717 | D        | Got out of the dungeon alive.

Illustrated notes

Levels and vault maps discovered:
D:        dungeon_sprint_1 [red_sonja_temple_1, red_sonja_temple_small_1]

Skill      XL: |  1  2  3  4  5  6  7  8  9 10 11 12 |
---------------+-------------------------------------+-----
Stealth        | 8 12 17 20 21 22 24 25 26 | 26.3
Fighting       | 4 5 7 9 11 14 17 | 17.2
Dodging        | 5 7 9 11 14 18 21 | 21.7
Unarmed Combat | 4 5 7 9 11 14 17 | 17.1

Action                   |  1- 3 |  4- 6 |  7- 9 | 10-12 | 13-15 || total
-------------------------+-------+-------+-------+-------+-------++-------
Melee: Unarmed           |     6 |     4 |    44 |   124 |       ||   178
       Bite              |       |       |     3 |    18 |       ||    21
       Punch             |       |       |     2 |     5 |       ||     7
Invok: Berserk           |     1 |       |     2 |     1 |       ||     4
       Trog's Hand       |       |       |     2 |     4 |       ||     6
       Brothers in Arms  |       |       |       |     8 |       ||     8
  Use: Scroll            |       |       |     1 |       |     1 ||     2
       Potion            |       |       |       |     7 |     1 ||     8
 Stab: Sleeping          |     1 |     4 |    14 |    28 |       ||    47
Armor: Skin              |       |       |     1 |     2 |       ||     3
Dodge: Dodged            |     2 |       |    29 |    94 |       ||   125
